 Dungeon Crawl Stone Soup version 0.22-a0-443-g17c3723 (webtiles) character file.

3721 nikopol the Thaumaturge (level 9, -10/48 HPs)
             Began as a Deep Elf Fire Elementalist on June 1, 2018.
             Was a Believer of Vehumet.
             Mangled by a two-headed ogre
             ... wielding a +0 giant spiked club
              (11 damage)
             ... on level 8 of the Dungeon.
             The game lasted 00:41:48 (8596 turns).

nikopol the Thaumaturge (DEFE)                      Turns: 8596, Time: 00:41:48

Health: -10/48     AC:  4    Str:  5    XL:     9   Next: 92%
Magic:  3/26       EV: 14    Int: 24    God:    Vehumet [**....]
Gold:   312        SH:  0    Dex: 15    Spells: 13/30 levels left

rFire    . . .     SeeInvis +   (no weapon)
rCold    . . .     Gourm    .   (no shield)
rNeg     . . .     Faith    .   a - +0 robe
rPois    .         Spirit   .   (no helmet)
rElec    .         Reflect  .   (no cloak)
rCorr    .         Harm     .   (no gloves)
MR       .....                  y - +1 pair of boots
Stlth    +++.......             (no amulet)
HPRegen  0.16/turn              p - ring of see invisible
MPRegen  0.20/turn              r - +3 ring of slaying

@: very slightly contaminated
A: no striking features
a: Renounce Religion


You were on level 8 of the Dungeon.
You worshipped Vehumet.
Vehumet was pleased with you.
You were hungry.

You visited 2 branches of the dungeon, and saw 9 of its levels.
You also visited: Ossuary.

You collected 357 gold pieces.
You spent 45 gold pieces at shops.

Inventory:

Armour
 a - a +0 robe (worn)
 y - a +1 pair of boots (worn)
Jewellery
 p - a ring of see invisible (left hand)
 r - a +3 ring of slaying (right hand)
Wands
 m - a wand of iceblast (9)
 o - a wand of paralysis (13)
 A - a wand of clouds (5)
Scrolls
 e - 11 scrolls of identify
 i - a scroll of enchant armour
 j - a scroll of enchant weapon
 q - 3 scrolls of fear
 t - 3 scrolls of random uselessness {unknown}
 v - a scroll of teleportation {unknown}
 w - 3 scrolls of remove curse
Potions
 b - 2 potions of agility {unknown}
 d - a potion of lignification {unknown}
 f - 11 potions of curing
 g - 3 potions of might {unknown}
 h - 2 potions of brilliance {unknown}
 k - 2 potions of mutation {unknown}
 l - 2 potions of heal wounds {unknown}
 n - a potion of ambrosia {unknown}
 s - 14 potions of degeneration {unknown}
 u - 4 potions of resistance {unknown}
 x - 4 potions of haste {unknown}
 z - a potion of flight {unknown}
Comestibles
 c - 19 rations


   Skills:
 + Level 1.6 Fighting
 + Level 4.1 Dodging
 + Level 4.5 Stealth
 + Level 11.2 Spellcasting
 + Level 7.6 Conjurations
 + Level 9.2 Fire Magic


You had 13 spell levels left.
You knew the following spells:

 Your Spells              Type           Power        Failure   Level  Hunger
a - Flame Tongue          Conj/Fire      #####        1%          1    None
b - Throw Flame           Conj/Fire      ######       1%          2    None
c - Conjure Flame         Conj/Fire      ######..     1%          3    None
d - Sticky Flame          Conj/Fire      ######..     1%          4    None
e - Fireball              Conj/Fire      ######....   4%          5    ####...
f - Blink                 Tloc           N/A          7%          2    None

Your spell library contained the following spells:

 Spells                   Type           Power        Failure   Level  Hunger
 Magic Dart               Conj           ####         1%          1    None
 Slow                     Hex            ##......     7%          2    None
 Mephitic Cloud           Conj/Pois/Air  ####....     4%          3    None
 Call Imp                 Summ           ##......     7%          2    None
 Inner Flame              Hex/Fire       #####...     1%          3    None


Dungeon Overview and Level Annotations

Branches:
Dungeon (8/15)             Temple (1/1) D:5
   Lair: D:8-11

Altars:
Ashenzari
Cheibriados
Dithmenos
Elyvilon
Fedhas
Gozag
Hepliaklqana
Kikubaaqudgha
Makhleb
Nemelex Xobeh
Okawaru
Qazlal
Ru
Sif Muna
Trog
Uskayaw
Vehumet
Wu Jian
Xom
Yredelemnul
Zin
The Shining One

Shops:
D:5 ?


Message History

Aim: a two-headed ogre, wielding a giant spiked club and a giant club (moderately wounded)
You miscast Fireball.
Nothing appears to happen.
You are feeling hungry.
Casting: Fireball (safe; 4% risk of failure)
Confirm with . or Enter, or press ? or * to list all spells.
Aiming: Sticky Flame (safe; 1% risk of failure)
Press: ? - help, Shift-Dir - straight line, f/p - two-headed ogre
Aim: a two-headed ogre, wielding a giant spiked club and a giant club (moderately wounded)
The sticky flame hits the two-headed ogre.
The two-headed ogre is heavily wounded.
The two-headed ogre is covered in liquid flames!
The two-headed ogre burns!
The two-headed ogre hits you with a giant spiked club!!
The two-headed ogre hits you with a giant club.
The two-headed ogre burns!
The two-headed ogre hits you with a giant spiked club!!
Ouch! That really hurt!
* * * LOW HITPOINT WARNING * * *
The two-headed ogre hits you with a giant club!
You die...

.# .# ######## .#
#......###.######
#......'.........
#......###>.....)
##+#.............
#.#..(....†.....
#.......@†.######
#.......O..#
#..........#
##.#.......#
#.#.......# #
#......)#
#........
#.........


You could see a two-headed ogre (burning).

Vanquished Creatures
  The ghost of galech the Skirmisher, an amateur OgBe of Trog (D:3)
  A hornet (D:8)
  Grinder (D:6)
  A hippogriff (D:7)
  A wyvern (D:8)
  A human (D:7)
  4 hogs (D:7)
  2 orc warriors (D:6)
  2 ice beasts
  A black bear (D:7)
  2 phantoms
  2 ogres
  A centaur (D:6)
  A bullfrog (D:3)
  2 scorpions
  4 killer bees (D:7)
  A howler monkey (D:4)
  An electric eel (D:6)
  2 centaur zombies
  2 hounds
  An orc priest (D:3)
  2 human zombies (Ossuary)
  An iguana (D:6)
  3 orc wizards
  5 worker ants
  A big kobold zombie (Ossuary)
  A hound skeleton (D:5)
  5 mummies (Ossuary)
  A worker ant zombie (D:5)
  4 gnolls
  5 adders
  2 oozes
  An adder zombie (D:7)
  2 adder skeletons
  A worm (D:6)
  3 dart slugs
  2 leopard geckos
  24 orcs
  4 giant cockroaches
  2 gnoll zombies (Ossuary)
  6 hobgoblins
  12 jackals
  8 kobolds
  2 quokkas
  A ball python (D:1)
  13 bats
  5 frilled lizards
  11 goblins
  2 goblin zombies (Ossuary)
  2 jackal zombies (D:6)
  2 quokka skeletons
  4 rats
171 creatures vanquished.

Notes
Turn   | Place    | Note
-------+----------+-------------------------------------------
     0 | D:1      | nikopol the Deep Elf Fire Elementalist began the quest for the Orb.
     0 | D:1      | Reached XP level 1. HP: 10/10 MP: 6/6
   126 | D:1      | Reached XP level 2. HP: 15/15 MP: 0/8
   697 | D:1      | Reached XP level 3. HP: 19/19 MP: 8/10
  1281 | D:2      | Reached skill level 4 in Spellcasting
  1355 | D:2      | Reached XP level 4. HP: 14/24 MP: 9/12
  1476 | D:2      | Found an opulent altar of Gozag.
  1515 | D:2      | Found an ancient bone altar of Kikubaaqudgha.
  1523 | D:2      | You fall through a shaft for 2 floors!
  1532 | D:4      | Learned a level 2 spell: Throw Flame
  1536 | D:4      | Learned a level 3 spell: Conjure Flame
  1541 | D:4      | Learned a level 4 spell: Sticky Flame
  1789 | D:4      | Noticed an ogre
  1797 | D:4      | Killed an ogre
  1797 | D:4      | Reached XP level 5. HP: 28/28 MP: 3/14
  2148 | D:3      | Noticed galech's ghost (amateur OgBe)
  2247 | D:3      | Reached skill level 5 in Spellcasting
  2305 | D:3      | Reached skill level 5 in Fire Magic
  2305 | D:3      | Reached XP level 6. HP: 24/33 MP: 6/16
  2404 | D:3      | Killed galech's ghost
  2404 | D:3      | Reached skill level 6 in Spellcasting
  2404 | D:3      | Reached XP level 7. HP: 32/37 MP: 4/18
  2429 | D:3      | Learned a level 5 spell: Fireball
  2711 | D:2      | Found a white marble altar of Elyvilon.
  3772 | D:5      | Entered Level 5 of the Dungeon
  3799 | D:5      | Found Naugheva's Magic Scroll Boutique.
  3807 | D:5      | Bought a scroll of fear for 45 gold pieces
  3808 | D:5      | Found a shattered altar of Ashenzari.
  3822 | D:5      | Reached skill level 1 in Fighting
  3822 | D:5      | Reached skill level 7 in Spellcasting
  3845 | D:5      | Found a staircase to the Ecumenical Temple.
  3857 | Temple   | Entered the Ecumenical Temple
  3948 | Temple   | Became a worshipper of Vehumet
  4161 | D:5      | Found a shadowy altar of Dithmenos.
  4595 | D:6      | Reached skill level 5 in Conjurations
  4595 | D:6      | Reached XP level 8. HP: 43/43 MP: 9/21
  4731 | D:6      | Reached skill level 8 in Spellcasting
  4852 | D:5      | Learned a level 2 spell: Blink
  4892 | D:6      | Noticed Grinder
  4893 | D:6      | Paralysed by Grinder for 2 turns
  4903 | D:6      | Killed Grinder
  5855 | D:6      | Reached * piety under Vehumet
  5855 | D:6      | Offered knowledge of Sting by Vehumet.
  5932 | D:6      | Reached skill level 9 in Spellcasting
  6792 | D:7      | Noticed a hippogriff
  6800 | D:7      | Killed a hippogriff
  6800 | D:7      | Reached XP level 9. HP: 37/47 MP: 13/24
  6878 | D:7      | Found a sand-covered staircase.
  6882 | Ossuary  | Entered an ossuary
  7481 | D:7      | Reached skill level 10 in Spellcasting
  7564 | D:7      | Found a deep blue altar of Sif Muna.
  7833 | D:7      | Reached ** piety under Vehumet
  7833 | D:7      | Offered knowledge of Throw Frost by Vehumet.
  8457 | D:8      | Reached skill level 11 in Spellcasting
  8483 | D:8      | Noticed a two-headed ogre
  8596 | D:8      | HP: 1/48 [two-headed ogre/giant spiked club (24)]
  8596 | D:8      | Mangled by a two-headed ogre

Vault maps used:
D:1:      minmay_arrival_doors
D:2:      lemuel_doored_altar, overflow_temple_1_default, lemuel_crystal_altar,
          first_ration, serial_bayou_pond_a
D:5:      kennysheep_little_box, nicolae_dithmenos_shadow_blocks,
          minmay_temple_entry_steel_oval, serial_shops, shop
D:6:      serial_bayou, serial_bayou_pond_e, serial_bayou_shore_b,
          serial_bayou_shore_b, serial_bayou_pond_e, serial_bayou_pond_a,
          uniq_grinder
D:7:      lemuel_crystal_altar, enter_ossuary_5, grunt_livestock
Temple:   minmay_temple_bridge_d
Ossuary:  ossuary_crypta

Skill      XL: |  1  2  3  4  5  6  7  8  9 |
---------------+----------------------------+-----
Fire Magic     | 4 5 6 8 9 |  9.2
Spellcasting   | 4 5 6 7 9 11 | 11.2
Stealth        | 3 4 |  4.5
Conjurations   | 2 3 5 6 7 |  7.6
Dodging        | 3 4 |  4.1
Fighting       | 1 |  1.6

Action                   |  1- 3 |  4- 6 |  7- 9 || total
-------------------------+-------+-------+-------++-------
Melee: Unarmed           |       |       |     5 ||     5
 Cast: Flame Tongue      |    63 |    59 |   283 ||   405
       Conjure Flame     |       |     2 |     7 ||     9
       Sticky Flame      |       |     2 |    18 ||    20
       Fireball          |       |       |     9 ||     9
       Throw Flame       |       |       |     2 ||     2
  Use: Scroll            |       |       |     7 ||     7
  Eat: Chunk             |     1 |     4 |    17 ||    22
       Ration            |       |       |     1 ||     1
Armor: Robe              |     3 |     2 |    12 ||    17
Dodge: Dodged            |    23 |    15 |    79 ||   117

Table legend:
 A = Spawn XP
 B = Non-spawn XP
 C = Spawn XP percentage of total XP
 D = Spawn monster count
 E = Non-spawn monster count
 F = Spawn count percentage of total count
 G = Total turns spent on level
                    A         B        C        D         E        F      G
               +---------+---------+-------+---------+---------+-------+---------
         Total |       0 |    5317 |   0.0 |       0 |     171 |   0.0 |  8596
               +---------+---------+-------+---------+---------+-------+---------
           D:1 |       0 |      42 |   0.0 |       0 |      19 |   0.0 |  1062
           D:2 |       0 |      87 |   0.0 |       0 |      28 |   0.0 |   736
           D:3 |       0 |     618 |   0.0 |       0 |      30 |   0.0 |   815
           D:4 |       0 |     470 |   0.0 |       0 |      14 |   0.0 |  1159
           D:5 |       0 |     168 |   0.0 |       0 |       7 |   0.0 |  1216
           D:6 |       0 |    1397 |   0.0 |       0 |      37 |   0.0 |  1577
           D:7 |       0 |    1755 |   0.0 |       0 |      17 |   0.0 |  1235
           D:8 |       0 |     533 |   0.0 |       0 |       6 |   0.0 |    38
       Ossuary |       0 |     247 |   0.0 |       0 |      13 |   0.0 |   555
               +---------+---------+-------+---------+---------+-------+---------
